Diables vs Atomiques
Created - 1 mai 2016 at 19:26
Goals
|
| Diables |
2 |
2 |
1 |
5 |
| Atomiques |
1 |
1 |
1 |
3 |
|
Shots
|
| Diables |
12 |
14 |
6 |
32 |
| Atomiques |
12 |
20 |
10 |
42 |
|
1st period
1. Diables , Steve Quailer 28 (Jamie Arniel, Kellan Lain) at 2:45
2. Atomiques , Ryan Shannon 17 (Kenndal McArdle) at 12:28
3. Diables , Benn Ferriero 2 (Dustin Kohn, Tyler Cuma) at 19:13
Penalties :
Tyler Brenner (STB) for Roughing (Minor) at 5:10, Tyler Bozak (Alm) for Hooking (Minor) at 15:51
2nd period
4. Diables , Damien Brunner 63 (Tyler Cuma) at 1:03
5. Diables , Brandon Prust 45 (Tyler Bozak, Kellan Lain) at 2:45
6. Atomiques , Tyler Kennedy 53 (Alexander Sulzer, Victor Hedman) at 18:05
Penalties :
Tyler Bozak (Alm) for Slashing (Minor) at 5:59, Brandon Prust (Alm) for Roughing (Minor) at 12:27
3rd period
7. Atomiques , Nick Johnson 22 (Andrew Kozek, Shawn Belle) at 0:50
8. Diables , Craig Smith 25 (Pierre-Cédric Labrie) at 19:14 (Empty Net)
Penalties :
Steve Quailer (Alm) for Roughing (Double Minor) at 1:23, Tomas Kubalik (Alm) for Hooking (Minor) at 16:54
Goalie Stats
Frederik Andersen (Alm), 39 saves from 42 shots - (0,929), W, 36-24-2, 60:00 minutes
Alex Auld (STB), 12 saves from 16 shots - (0,750), L, 21-20-7, 22:45 minutes
Sergei Bobrovsky (STB), 15 saves from 15 shots - (1,000), 37:02 minutes
Players Stats for Diables
Player Name G A P +/- PIM S H SB GA TA FO MP PP MP PK MP
------------------------------------------------------------------------------------
Benn Ferriero 1 0 1 0 0 2 0 1 0 0 1/1 8:06 0:57 0:00
Brandon Prust 1 0 1 0 2 4 2 0 1 0 1/1 21:02 0:57 1:06
Brian Dumoulin 0 0 0 1 0 0 1 0 0 1 0/0 5:28 0:00 1:22
Craig Smith 1 0 1 1 0 6 2 0 0 1 5/7 12:29 0:57 1:55
Damien Brunner 1 0 1 0 0 4 0 0 1 0 0/0 24:36 1:02 4:54
Dustin Kohn 0 1 1 0 0 0 1 1 0 0 0/0 18:40 1:01 4:27
Jamie Arniel 0 1 1 1 0 0 0 1 1 0 4/14 16:17 0:00 6:11
Jared Cowen 0 0 0 0 0 1 0 3 1 1 0/0 27:11 1:01 5:12
Josh Meyers 0 0 0 2 0 0 0 0 0 0 0/0 4:07 0:00 0:00
Kellan Lain 0 2 2 2 0 1 0 0 0 0 0/0 16:38 1:02 5:04
Lukas Krajicek 0 0 0 0 0 1 2 2 0 2 0/0 25:17 0:58 3:45
Matt Jones 0 0 0 0 0 1 1 3 0 0 0/0 15:29 0:00 6:48
Pavel Valentenko 0 0 0 1 0 1 0 1 0 0 0/0 9:55 0:00 2:16
Pierre-Cédric Labrie 0 1 1 1 0 0 1 1 0 0 0/0 9:54 0:00 0:00
Riley Sheahan 0 0 0 0 0 1 0 0 0 0 1/1 7:03 0:00 0:00
Steve Quailer 1 0 1 1 4 2 3 0 0 0 1/2 9:53 0:00 0:00
Taylor Beck 0 0 0 0 0 0 1 0 0 0 0/0 7:55 0:00 0:42
Tomas Kubalik 0 0 0 0 2 2 2 0 0 1 0/1 12:15 0:00 2:34
Tyler Bozak 0 1 1 0 4 6 1 0 0 0 12/25 21:52 1:02 1:24
Tyler Cuma 0 2 2 0 0 0 0 0 0 1 0/0 13:53 0:58 0:00
Players Stats for Atomiques
Player Name G A P +/- PIM S H SB GA TA FO MP PP MP PK MP
------------------------------------------------------------------------------------
Alex Berry 0 0 0 -3 0 3 3 0 0 0 0/0 8:15 1:18 0:00
Alexander Sulzer 0 1 1 -1 0 3 2 1 0 0 0/0 26:05 6:19 1:16
Andrew Kozek 0 1 1 1 0 0 1 0 0 0 0/0 12:18 1:38 0:17
Brad Winchester 0 0 0 0 0 8 2 0 2 1 2/3 24:41 4:55 0:54
Brett Sutter 0 0 0 -2 0 1 0 0 0 0 0/2 7:11 0:17 0:22
Clayton Stoner 0 0 0 0 0 0 1 0 0 0 0/0 10:37 1:32 0:00
Davis Drewiske 0 0 0 -1 0 2 2 2 0 0 0/0 23:18 4:04 0:43
John McCarthy 0 0 0 -2 0 0 0 1 0 0 0/0 6:33 0:22 0:00
Kenndal McArdle 0 1 1 0 0 1 2 0 0 0 0/0 15:45 5:30 0:00
Kyle Wharton 0 0 0 -1 0 1 0 1 0 0 0/0 10:34 1:20 0:00
Marc-André Cliche 0 0 0 0 0 0 1 0 0 0 2/4 11:02 0:00 0:39
Marc-Antoine Pouliot 0 0 0 0 0 0 1 0 1 1 5/11 15:32 5:16 0:00
Nick Johnson 1 0 1 0 0 2 2 0 0 0 0/2 11:34 1:10 0:00
Ryan Shannon 1 0 1 0 0 4 2 0 1 0 1/1 16:34 5:33 0:43
Shawn Belle 0 1 1 -1 0 3 1 0 0 1 0/0 23:18 4:04 0:43
Tyler Brenner 0 0 0 0 2 4 0 0 0 0 15/26 23:49 4:55 0:00
Tyler Kennedy 1 0 1 0 0 8 2 1 1 1 2/3 24:46 4:51 1:03
Victor Hedman 0 1 1 0 0 2 0 0 2 0 0/0 26:08 6:31 1:16
3 Stars
1 - Kellan Lain (Alm)
2 - Craig Smith (Alm)
3 - Tyler Kennedy (STB)
Power Play
Diables - 0 on 1 Attempt(s) - 0,00%
Atomiques - 0 on 6 Attempt(s) - 0,00%
Penalty Kill
Diables - 6 on 6 Attempt(s) - 100,00%
- Score 0 goal in Penalty Kill
Atomiques - 1 on 1 Attempt(s) - 100,00%
- Score 0 goal in Penalty Kill
Team Stat
Diables - Hits : 17 - Faceoff Wins : 25 - Blocked Shots : 13 - Penalty Minutes : 12
Atomiques - Hits : 22 - Faceoff Wins : 27 - Blocked Shots : 6 - Penalty Minutes : 2
Official
Referees : LaRue Dennis and VanMassenhoven Don
Linesman : Tim Nowak and Pierre Champoux
Game Notes
Sergei Bobrovsky enters game at 2:45 of 2nd period
Craig Smith has scored in a empty net!
Finance
Level 1 -- Attendance: 1334 (66,70%) -- Ticket Income 46 690 $
Level 2 -- Attendance: 753 (75,30%) -- Ticket Income 11 295 $
Total Attendance: 2087 (69,57%)
Total Ticket Income: 57 985 $
Other Income: 2 899 $
Total Income: 60 884 $
Diables
5 vs 5 Forward
Center Left Wing Right Wing Time % Phy DF OF
1 Tyler Bozak Brandon Prust Damien Brunner 40 1 2 2
2 Jamie Arniel Kellan Lain Steve Quailer 30 1 2 2
3 Craig Smith Pierre-Cédric Labrie Tomas Kubalik 20 1 2 2
4 Riley Sheahan Taylor Beck Benn Ferriero 10 1 2 2
5 vs 5 Defense
Defense Defense Time % Phy DF OF
1 Lukas Krajicek Jared Cowen 40 1 2 2
2 Dustin Kohn Tyler Cuma 30 1 2 2
3 Matt Jones Pavel Valentenko 20 1 2 2
4 Brian Dumoulin Josh Meyers 10 1 2 2
PowerPlay Forward
Center Left Wing Right Wing Time % Phy DF OF
1 Tyler Bozak Kellan Lain Damien Brunner 60 1 2 2
2 Craig Smith Brandon Prust Benn Ferriero 40 1 2 2
PowerPlay Defense
Defense Defense Time % Phy DF OF
1 Dustin Kohn Jared Cowen 60 1 2 2
2 Lukas Krajicek Tyler Cuma 40 1 2 2
Penalty Kill 4 Players Forward
Center Wing Time % Phy DF OF
1 Jamie Arniel Damien Brunner 60 1 2 2
2 Tyler Bozak Kellan Lain 40 1 2 2
Penalty Kill 4 Players Defense
Defense Defense Time % Phy DF OF
1 Jared Cowen Matt Jones 60 1 2 2
2 Dustin Kohn Lukas Krajicek 40 1 2 2
Penalty Kill - 3 Players Forward
Forward Time % Phy DF OF
1 Jamie Arniel 60 1 2 2
2 Damien Brunner 40 1 2 2
Penalty Kill - 3 Players Defense
Defense Defense Time % Phy DF OF
1 Lukas Krajicek Jared Cowen 60 1 2 2
2 Dustin Kohn Tyler Cuma 40 1 2 2
4 vs 4 Forward
Center Wing Time % Phy DF OF
1 Jamie Arniel Damien Brunner 60 1 2 2
2 Tyler Bozak Kellan Lain 40 1 2 2
4 vs 4 Defense
Defense Defense Time % Phy DF OF
1 Lukas Krajicek Matt Jones 60 1 2 2
2 Dustin Kohn Tyler Cuma 40 1 2 2
Last Minutes Offensive
Center Left Wing Right Wing Defense Defense
Tyler Bozak Brandon Prust Damien Brunner Lukas Krajicek Jared Cowen
Last Minutes Defensive
Center Left Wing Right Wing Defense Defense
Tyler Bozak Kellan Lain Damien Brunner Lukas Krajicek Jared Cowen
Goaltenders
Starting : Frederik Andersen
Backup : Marek Mazanek
Extra Forwards
Normal : Craig Smith, Pierre-Cédric Labrie, Tomas Kubalik - PP : Craig Smith, Pierre-Cédric Labrie - PK : Tomas Kubalik
Extra Defensemen
Normal : Josh Meyers, Pavel Valentenko, Brian Dumoulin - PP : Josh Meyers - PK : Pavel Valentenko, Brian Dumoulin
Penalty Shots
Craig Smith, Damien Brunner, Kellan Lain, Tyler Bozak, Jamie Arniel
Atomiques
5 vs 5 Forward
Center Left Wing Right Wing Time % Phy DF OF
1 Tyler Brenner Brad Winchester Tyler Kennedy 40 1 2 2
2 Marc-Antoine Pouliot Kenndal McArdle Ryan Shannon 30 1 2 2
3 Marc-André Cliche Andrew Kozek Nick Johnson 20 1 2 2
4 Brett Sutter John McCarthy Alex Berry 10 1 2 2
5 vs 5 Defense
Defense Defense Time % Phy DF OF
1 Alexander Sulzer Victor Hedman 40 1 2 2
2 Shawn Belle Davis Drewiske 30 1 2 2
3 Clayton Stoner Kyle Wharton 20 1 2 2
4 Alexander Sulzer Victor Hedman 10 1 2 2
PowerPlay Forward
Center Left Wing Right Wing Time % Phy DF OF
1 Tyler Brenner Brad Winchester Tyler Kennedy 60 1 2 2
2 Marc-Antoine Pouliot Kenndal McArdle Ryan Shannon 40 1 2 2
PowerPlay Defense
Defense Defense Time % Phy DF OF
1 Alexander Sulzer Victor Hedman 60 1 2 2
2 Shawn Belle Davis Drewiske 40 1 2 2
Penalty Kill 4 Players Forward
Center Wing Time % Phy DF OF
1 Brad Winchester Tyler Kennedy 60 1 2 2
2 Ryan Shannon Tyler Brenner 40 1 2 2
Penalty Kill 4 Players Defense
Defense Defense Time % Phy DF OF
1 Alexander Sulzer Victor Hedman 60 1 2 2
2 Shawn Belle Davis Drewiske 40 1 2 2
Penalty Kill - 3 Players Forward
Forward Time % Phy DF OF
1 Brad Winchester 60 1 2 2
2 Tyler Kennedy 40 1 2 2
Penalty Kill - 3 Players Defense
Defense Defense Time % Phy DF OF
1 Alexander Sulzer Victor Hedman 60 1 2 2
2 Shawn Belle Davis Drewiske 40 1 2 2
4 vs 4 Forward
Center Wing Time % Phy DF OF
1 Brad Winchester Tyler Kennedy 60 1 2 2
2 Ryan Shannon Tyler Brenner 40 1 2 2
4 vs 4 Defense
Defense Defense Time % Phy DF OF
1 Alexander Sulzer Victor Hedman 60 1 2 2
2 Shawn Belle Davis Drewiske 40 1 2 2
Last Minutes Offensive
Center Left Wing Right Wing Defense Defense
Tyler Brenner Brad Winchester Tyler Kennedy Alexander Sulzer Victor Hedman
Last Minutes Defensive
Center Left Wing Right Wing Defense Defense
Tyler Brenner Brad Winchester Tyler Kennedy Alexander Sulzer Victor Hedman
Goaltenders
Starting : Alex Auld
Backup : Sergei Bobrovsky
Extra Forwards
Normal : Nick Johnson, Andrew Kozek, Marc-André Cliche - PP : Nick Johnson, Andrew Kozek - PK : Marc-André Cliche
Extra Defensemen
Normal : Clayton Stoner, Kyle Wharton, Shawn Belle - PP : Clayton Stoner - PK : Kyle Wharton, Shawn Belle
Penalty Shots
Brad Winchester, Tyler Kennedy, Ryan Shannon, Tyler Brenner, Marc-Antoine Pouliot
% Time on Ice - Diables
Lines # - Real PCT - Wanted PCT - Time Play
Normal Forward
1 - 45% - 40% - 20:27
2 - 22% - 30% - 9:53
3 - 19% - 20% - 8:32
4 - 15% - 10% - 7:03
Normal Defense
1 - 46% - 40% - 20:58
2 - 30% - 30% - 13:33
3 - 16% - 20% - 7:28
4 - 9% - 10% - 3:56
PP Forward
1 - 52% - 60% - 1:02
2 - 48% - 40% - 0:57
PP Defense
1 - 51% - 60% - 1:01
2 - 49% - 40% - 0:58
PK Forward
1 - 79% - 60% - 9:22
2 - 21% - 40% - 2:33
PK Defense
1 - 63% - 60% - 7:28
2 - 37% - 40% - 4:27
PK3 Forward
1 - 0% - 60%
2 - 0% - 40%
PK3 Defense
1 - 0% - 60%
2 - 0% - 40%
44 Forward
1 - 0% - 60%
2 - 0% - 40%
44 Defense
1 - 0% - 60%
2 - 0% - 40%
Last Minute Offensive - 0:00
Last Minute Defensive - 0:11
Total
Forward - 60:00
Defense - 60:00
|
% Time on Ice - Atomiques
Lines # - Real PCT - Wanted PCT - Time Play
Normal Forward
1 - 43% - 40% - 19:37
2 - 23% - 30% - 10:19
3 - 21% - 20% - 9:39
4 - 14% - 10% - 6:11
Normal Defense
1 - 36% - 40% - 16:40
2 - 40% - 30% - 18:31
3 - 20% - 20% - 8:59
4 - 3% - 10% - 1:36
PP Forward
1 - 47% - 60% - 5:33
2 - 53% - 40% - 6:22
PP Defense
1 - 66% - 60% - 7:51
2 - 34% - 40% - 4:04
PK Forward
1 - 64% - 60% - 1:16
2 - 36% - 40% - 0:43
PK Defense
1 - 64% - 60% - 1:16
2 - 36% - 40% - 0:43
PK3 Forward
1 - 0% - 60%
2 - 0% - 40%
PK3 Defense
1 - 0% - 60%
2 - 0% - 40%
44 Forward
1 - 0% - 60%
2 - 0% - 40%
44 Defense
1 - 0% - 60%
2 - 0% - 40%
Last Minute Offensive - 0:20
Last Minute Defensive - 0:00
Total
Forward - 60:00
Defense - 60:00
|
Play by Play
1st period
0:01 of 1st period - Tyler Brenner wins face-off versus Tyler Bozak in neutral zone.
0:12 of 1st period - Snap shot by Tyler Kennedy.
0:12 of 1st period - Stopped by Frederik Andersen without a rebound.
0:13 of 1st period - Jamie Arniel wins face-off versus Marc-Antoine Pouliot in Diables zone.
0:21 of 1st period - Off-side.
0:22 of 1st period - Marc-Antoine Pouliot wins face-off versus Jamie Arniel in neutral zone.
0:37 of 1st period - Slapshot by Steve Quailer.
0:37 of 1st period - Shot Misses the Net.
0:53 of 1st period - Slapshot by Ryan Shannon.
0:53 of 1st period - Shot Misses the Net.
0:55 of 1st period - Slapshot by Shawn Belle.
0:55 of 1st period - Deflect By Dustin Kohn.
0:55 of 1st period - Stopped by Frederik Andersen without a rebound.
0:56 of 1st period - Craig Smith wins face-off versus Marc-André Cliche in Diables zone.
0:56 of 1st period - Craig Smith is hit by Nick Johnson.
1:11 of 1st period - Snap shot by Nick Johnson.
1:11 of 1st period - Deflect By Marc-André Cliche.
1:11 of 1st period - Shot Blocked by Pavel Valentenko.
1:11 of 1st period - Puck is out of play.
1:12 of 1st period - Tyler Bozak wins face-off versus Tyler Brenner in Diables zone.
1:12 of 1st period - Tyler Bozak is hit by Alexander Sulzer.
1:22 of 1st period - Snap shot by Tyler Bozak.
1:22 of 1st period - Stopped by Alex Auld with a rebound.
1:24 of 1st period - Snap shot by Damien Brunner.
1:24 of 1st period - Shot Misses the Net.
2:08 of 1st period - Snap shot by Craig Smith.
2:08 of 1st period - Stopped by Alex Auld without a rebound.
2:09 of 1st period - Tyler Brenner wins face-off versus Tyler Bozak in Atomiques zone.
2:45 of 1st period - Snap shot by Steve Quailer.
2:45 of 1st period - Goal by Steve Quailer - Diables : 1 - Atomiques : 0.
2:46 of 1st period - Tyler Bozak wins face-off versus Tyler Brenner in neutral zone.
3:11 of 1st period - Tyler Kennedy is hit by Matt Jones.
3:29 of 1st period - Snap shot by Brad Winchester.
3:29 of 1st period - Stopped by Frederik Andersen with a rebound.
3:43 of 1st period - Wrist shot by Nick Johnson.
3:43 of 1st period - Stopped by Frederik Andersen with a rebound.
4:03 of 1st period - Snap shot by Ryan Shannon.
4:03 of 1st period - Stopped by Frederik Andersen without a rebound.
4:04 of 1st period - Tyler Bozak wins face-off versus Marc-Antoine Pouliot in Diables zone.
4:57 of 1st period - Wrist shot by Steve Quailer.
4:57 of 1st period - Stopped by Alex Auld without a rebound.
4:58 of 1st period - Jamie Arniel wins face-off versus Tyler Brenner in Atomiques zone.
5:02 of 1st period - Icing by Davis Drewiske.
5:03 of 1st period - Steve Quailer wins face-off versus Tyler Brenner in Atomiques zone.
5:08 of 1st period - Snap shot by Steve Quailer.
5:08 of 1st period - Shot Blocked by Davis Drewiske.
5:10 of 1st period - Minor Penalty to Tyler Brenner for Roughing.
5:11 of 1st period - Brad Winchester wins face-off versus Tyler Bozak in Atomiques zone.
6:57 of 1st period - Alexander Sulzer is hit by Lukas Krajicek and loses puck.
7:10 of 1st period - Penalty to Tyler Brenner is over, Tyler Brenner is back on ice.
9:07 of 1st period - Tomas Kubalik is hit by Nick Johnson and loses puck.
9:32 of 1st period - Lukas Krajicek is hit by Ryan Shannon and loses puck.
10:04 of 1st period - Wrist shot by Steve Quailer.
10:04 of 1st period - Shot Misses the Net.
10:18 of 1st period - Snap shot by Pierre-Cédric Labrie.
10:18 of 1st period - Shot Misses the Net.
10:20 of 1st period - Slapshot by Craig Smith.
10:20 of 1st period - Stopped by Alex Auld without a rebound.
10:21 of 1st period - Craig Smith wins face-off versus Marc-Antoine Pouliot in Atomiques zone.
10:46 of 1st period - Pavel Valentenko is hit by Davis Drewiske and loses puck.
11:54 of 1st period - Snap shot by Brandon Prust.
11:54 of 1st period - Stopped by Alex Auld with a rebound.
11:56 of 1st period - Snap shot by Tyler Bozak.
11:56 of 1st period - Deflect By Damien Brunner.
11:56 of 1st period - Stopped by Alex Auld without a rebound.
11:57 of 1st period - Tyler Brenner wins face-off versus Jamie Arniel in Atomiques zone.
12:22 of 1st period - Snap shot by Kenndal McArdle.
12:22 of 1st period - Stopped by Frederik Andersen with a rebound.
12:28 of 1st period - Wrist shot by Ryan Shannon.
12:28 of 1st period - Goal by Ryan Shannon - Diables : 1 - Atomiques : 1.
12:29 of 1st period - Tyler Bozak wins face-off versus Tyler Kennedy in neutral zone.
12:32 of 1st period - Wrist shot by Brandon Prust.
12:32 of 1st period - Shot Misses the Net.
12:34 of 1st period - Snap shot by Damien Brunner.
12:34 of 1st period - Shot Misses the Net.
12:36 of 1st period - Wrist shot by Damien Brunner.
12:36 of 1st period - Stopped by Alex Auld with a rebound.
13:03 of 1st period - Slapshot by Ryan Shannon.
13:03 of 1st period - Shot Blocked by Jared Cowen.
13:23 of 1st period - Tomas Kubalik is hit by Marc-André Cliche and loses puck.
14:00 of 1st period - Wrist shot by Damien Brunner.
14:00 of 1st period - Shot Misses the Net.
14:10 of 1st period - Tyler Bozak is hit by Alexander Sulzer and loses puck.
14:48 of 1st period - Slapshot by Tyler Kennedy.
14:48 of 1st period - Stopped by Frederik Andersen with a rebound.
14:50 of 1st period - Wrist shot by Tyler Brenner.
14:50 of 1st period - Shot Misses the Net.
14:52 of 1st period - Slapshot by Brad Winchester.
14:52 of 1st period - Stopped by Frederik Andersen with a rebound.
14:54 of 1st period - Slapshot by Davis Drewiske.
14:54 of 1st period - Stopped by Frederik Andersen with a rebound.
14:56 of 1st period - Snap shot by Brad Winchester.
14:56 of 1st period - Shot Misses the Net.
14:58 of 1st period - Backhand shot by Tyler Brenner.
14:58 of 1st period - Shot Misses the Net.
15:11 of 1st period - Icing by Alexander Sulzer.
15:12 of 1st period - Benn Ferriero wins face-off versus Marc-Antoine Pouliot in Atomiques zone.
15:19 of 1st period - Slapshot by Benn Ferriero.
15:19 of 1st period - Stopped by Alex Auld with a rebound.
15:31 of 1st period - Off-side.
15:32 of 1st period - Brandon Prust wins face-off versus Tyler Brenner in neutral zone.
15:32 of 1st period - Brandon Prust is hit by Tyler Kennedy.
15:40 of 1st period - Wrist shot by Tyler Brenner.
15:40 of 1st period - Shot Misses the Net.
15:51 of 1st period - Minor Penalty to Tyler Bozak for Hooking.
15:52 of 1st period - Jamie Arniel wins face-off versus Tyler Brenner in Diables zone.
16:01 of 1st period - Icing by Tyler Brenner.
16:02 of 1st period - Tyler Brenner wins face-off versus Jamie Arniel in Atomiques zone.
16:17 of 1st period - Snap shot by Tyler Brenner.
16:17 of 1st period - Stopped by Frederik Andersen without a rebound.
16:18 of 1st period - Tyler Brenner wins face-off versus Jamie Arniel in Diables zone.
16:23 of 1st period - Snap shot by Tyler Kennedy.
16:23 of 1st period - Shot Hit the Post.
16:25 of 1st period - Snap shot by Brad Winchester.
16:25 of 1st period - Stopped by Frederik Andersen with a rebound.
16:27 of 1st period - Slapshot by Alexander Sulzer.
16:27 of 1st period - Shot Blocked by Matt Jones.
16:29 of 1st period - Slapshot by Victor Hedman.
16:29 of 1st period - Shot Misses the Net.
16:31 of 1st period - Snap shot by Tyler Kennedy.
16:31 of 1st period - Shot Misses the Net.
17:51 of 1st period - Penalty to Tyler Bozak is over, Tyler Bozak is back on ice.
18:22 of 1st period - Matt Jones is hit by Alex Berry and loses puck.
18:55 of 1st period - Icing by Marc-André Cliche.
18:56 of 1st period - Tyler Bozak wins face-off versus Marc-André Cliche in Atomiques zone.
19:01 of 1st period - Wrist shot by Damien Brunner.
19:01 of 1st period - Shot Misses the Net.
19:05 of 1st period - Wrist shot by Benn Ferriero.
19:05 of 1st period - Deflect By Riley Sheahan.
19:05 of 1st period - Stopped by Alex Auld without a rebound.
19:06 of 1st period - Riley Sheahan wins face-off versus Tyler Brenner in Atomiques zone.
19:13 of 1st period - Slapshot by Dustin Kohn.
19:13 of 1st period - Deflect By Benn Ferriero.
19:13 of 1st period - Goal by Benn Ferriero - Diables : 2 - Atomiques : 1.
19:14 of 1st period - Tyler Bozak wins face-off versus Brad Winchester in neutral zone.
19:19 of 1st period - Slapshot by Brandon Prust.
19:19 of 1st period - Shot Misses the Net.
19:45 of 1st period - Wrist shot by Kellan Lain.
19:45 of 1st period - Stopped by Alex Auld with a rebound.
19:47 of 1st period - Wrist shot by Steve Quailer.
19:47 of 1st period - Shot Misses the Net.
19:49 of 1st period - Slapshot by Pavel Valentenko.
19:49 of 1st period - Shot Misses the Net.
Goals for this period are 2 for Diables vs 1 for Atomiques.
Shots for this period are 12 for Diables vs 12 for Atomiques.
2nd period
0:01 of 2nd period - Tyler Brenner wins face-off versus Tyler Bozak in neutral zone.
1:03 of 2nd period - Slapshot by Damien Brunner.
1:03 of 2nd period - Goal by Damien Brunner - Diables : 3 - Atomiques : 1.
1:04 of 2nd period - Tyler Brenner wins face-off versus Steve Quailer in neutral zone.
2:35 of 2nd period - Snap shot by Tyler Bozak.
2:35 of 2nd period - Stopped by Alex Auld with a rebound.
2:37 of 2nd period - Snap shot by Brandon Prust.
2:37 of 2nd period - Shot Blocked by John McCarthy.
2:39 of 2nd period - Slapshot by Brandon Prust.
2:39 of 2nd period - Shot Misses the Net.
2:41 of 2nd period - Backhand shot by Brandon Prust.
2:41 of 2nd period - Stopped by Alex Auld with a rebound.
2:43 of 2nd period - Snap shot by Tyler Bozak.
2:43 of 2nd period - Shot Misses the Net.
2:45 of 2nd period - Wrist shot by Brandon Prust.
2:45 of 2nd period - Goal by Brandon Prust - Diables : 4 - Atomiques : 1.
2:45 of 2nd period - Sergei Bobrovsky enters game.
2:46 of 2nd period - Tyler Brenner wins face-off versus Tyler Bozak in neutral zone.
2:49 of 2nd period - Wrist shot by Tyler Kennedy.
2:49 of 2nd period - Stopped by Frederik Andersen with a rebound.
2:51 of 2nd period - Wrist shot by Tyler Kennedy.
2:51 of 2nd period - Stopped by Frederik Andersen without a rebound.
2:52 of 2nd period - Tyler Kennedy wins face-off versus Tyler Bozak in Diables zone.
2:55 of 2nd period - Backhand shot by Tyler Brenner.
2:55 of 2nd period - Stopped by Frederik Andersen with a rebound.
2:57 of 2nd period - Wrist shot by Brad Winchester.
2:57 of 2nd period - Stopped by Frederik Andersen with a rebound.
2:59 of 2nd period - Snap shot by Tyler Kennedy.
2:59 of 2nd period - Shot Misses the Net.
3:01 of 2nd period - Slapshot by Victor Hedman.
3:01 of 2nd period - Deflect By Tyler Kennedy.
3:01 of 2nd period - Shot Misses the Net.
3:01 of 2nd period - Puck is out of play.
3:02 of 2nd period - Tyler Brenner wins face-off versus Tyler Bozak in Diables zone.
3:07 of 2nd period - Snap shot by Tyler Kennedy.
3:07 of 2nd period - Stopped by Frederik Andersen with a rebound.
3:54 of 2nd period - Wrist shot by Marc-Antoine Pouliot.
3:54 of 2nd period - Shot Misses the Net.
3:56 of 2nd period - Snap shot by Marc-Antoine Pouliot.
3:56 of 2nd period - Shot Blocked by Pierre-Cédric Labrie.
5:20 of 2nd period - Wrist shot by Brad Winchester.
5:20 of 2nd period - Stopped by Frederik Andersen with a rebound.
5:22 of 2nd period - Slapshot by Kyle Wharton.
5:22 of 2nd period - Shot Blocked by Lukas Krajicek.
5:24 of 2nd period - Snap shot by Brad Winchester.
5:24 of 2nd period - Stopped by Frederik Andersen with a rebound.
5:28 of 2nd period - Snap shot by Tyler Kennedy.
5:28 of 2nd period - Shot Blocked by Jared Cowen.
5:38 of 2nd period - Lukas Krajicek is hit by Kenndal McArdle.
5:43 of 2nd period - Off-side.
5:44 of 2nd period - Marc-Antoine Pouliot wins face-off versus Tyler Bozak in neutral zone.
5:59 of 2nd period - Minor Penalty to Tyler Bozak for Slashing.
6:00 of 2nd period - Tyler Kennedy wins face-off versus Jamie Arniel in Diables zone.
7:47 of 2nd period - Marc-Antoine Pouliot is hit by Brandon Prust and loses puck.
7:59 of 2nd period - Penalty to Tyler Bozak is over, Tyler Bozak is back on ice.
8:33 of 2nd period - Nick Johnson is hit by Brian Dumoulin and loses puck.
8:50 of 2nd period - Snap shot by Tyler Bozak.
8:50 of 2nd period - Stopped by Sergei Bobrovsky with a rebound.
8:52 of 2nd period - Snap shot by Pavel Valentenko.
8:52 of 2nd period - Stopped by Sergei Bobrovsky with a rebound.
8:54 of 2nd period - Wrist shot by Pierre-Cédric Labrie.
8:54 of 2nd period - Deflect By Tyler Bozak.
8:54 of 2nd period - Stopped by Sergei Bobrovsky without a rebound.
8:55 of 2nd period - Tyler Bozak wins face-off versus Brett Sutter in Atomiques zone.
9:04 of 2nd period - Brandon Prust is hit by Alex Berry.
9:44 of 2nd period - Pavel Valentenko is hit by Kenndal McArdle and loses puck.
11:40 of 2nd period - Brad Winchester is hit by Steve Quailer and loses puck.
11:59 of 2nd period - Wrist shot by Brad Winchester.
11:59 of 2nd period - Stopped by Frederik Andersen with a rebound.
12:01 of 2nd period - Backhand shot by Clayton Stoner.
12:01 of 2nd period - Deflect By Tyler Kennedy.
12:01 of 2nd period - Stopped by Frederik Andersen with a rebound.
12:03 of 2nd period - Slapshot by Brad Winchester.
12:03 of 2nd period - Shot Blocked by Benn Ferriero.
12:05 of 2nd period - Snap shot by Tyler Brenner.
12:05 of 2nd period - Stopped by Frederik Andersen without a rebound.
12:06 of 2nd period - Tyler Bozak wins face-off versus Marc-Antoine Pouliot in Diables zone.
12:06 of 2nd period - Tyler Bozak is hit by Ryan Shannon.
12:17 of 2nd period - Slapshot by Shawn Belle.
12:17 of 2nd period - Stopped by Frederik Andersen with a rebound.
12:19 of 2nd period - Wrist shot by Kenndal McArdle.
12:19 of 2nd period - Shot Misses the Net.
12:21 of 2nd period - Wrist shot by Ryan Shannon.
12:21 of 2nd period - Stopped by Frederik Andersen with a rebound.
12:27 of 2nd period - Minor Penalty to Brandon Prust for Roughing.
12:28 of 2nd period - Jamie Arniel wins face-off versus Marc-Antoine Pouliot in Diables zone.
13:49 of 2nd period - Tomas Kubalik is hit by Marc-Antoine Pouliot and loses puck.
14:13 of 2nd period - Icing by Ryan Shannon.
14:14 of 2nd period - Ryan Shannon wins face-off versus Tomas Kubalik in Atomiques zone.
14:27 of 2nd period - Penalty to Brandon Prust is over, Brandon Prust is back on ice.
14:35 of 2nd period - Wrist shot by Craig Smith.
14:35 of 2nd period - Stopped by Sergei Bobrovsky with a rebound.
14:37 of 2nd period - Slapshot by Jared Cowen.
14:37 of 2nd period - Shot Blocked by Kyle Wharton.
14:39 of 2nd period - Slapshot by Tomas Kubalik.
14:39 of 2nd period - Shot Misses the Net.
14:41 of 2nd period - Snap shot by Craig Smith.
14:41 of 2nd period - Stopped by Sergei Bobrovsky with a rebound.
14:43 of 2nd period - Wrist shot by Matt Jones.
14:43 of 2nd period - Stopped by Sergei Bobrovsky without a rebound.
14:44 of 2nd period - Craig Smith wins face-off versus Brett Sutter in Atomiques zone.
14:44 of 2nd period - Craig Smith is hit by Shawn Belle.
14:54 of 2nd period - Wrist shot by Davis Drewiske.
14:54 of 2nd period - Shot Blocked by Dustin Kohn.
14:56 of 2nd period - Wrist shot by Davis Drewiske.
14:56 of 2nd period - Stopped by Frederik Andersen with a rebound.
14:58 of 2nd period - Wrist shot by Brett Sutter.
14:58 of 2nd period - Stopped by Frederik Andersen without a rebound.
14:59 of 2nd period - Tyler Brenner wins face-off versus Tyler Bozak in Diables zone.
15:09 of 2nd period - Snap shot by Victor Hedman.
15:09 of 2nd period - Stopped by Frederik Andersen with a rebound.
15:11 of 2nd period - Snap shot by Brad Winchester.
15:11 of 2nd period - Shot Misses the Net.
15:13 of 2nd period - Snap shot by Victor Hedman.
15:13 of 2nd period - Stopped by Frederik Andersen with a rebound.
15:15 of 2nd period - Snap shot by Tyler Kennedy.
15:15 of 2nd period - Stopped by Frederik Andersen with a rebound.
15:25 of 2nd period - Alexander Sulzer is hit by Dustin Kohn and loses puck.
15:56 of 2nd period - Snap shot by Tomas Kubalik.
15:56 of 2nd period - Stopped by Sergei Bobrovsky without a rebound.
15:57 of 2nd period - Tyler Bozak wins face-off versus Tyler Brenner in Atomiques zone.
16:02 of 2nd period - Snap shot by Brandon Prust.
16:02 of 2nd period - Shot Blocked by Alexander Sulzer.
16:04 of 2nd period - Slapshot by Lukas Krajicek.
16:04 of 2nd period - Stopped by Sergei Bobrovsky with a rebound.
16:22 of 2nd period - Alexander Sulzer is hit by Lukas Krajicek and loses puck.
16:49 of 2nd period - Slapshot by Alexander Sulzer.
16:49 of 2nd period - Deflect By Marc-André Cliche.
16:49 of 2nd period - Shot Blocked by Jamie Arniel.
16:49 of 2nd period - Puck is out of play.
16:50 of 2nd period - Marc-André Cliche wins face-off versus Jamie Arniel in Diables zone.
16:59 of 2nd period - Wrist shot by Nick Johnson.
16:59 of 2nd period - Shot Misses the Net.
17:01 of 2nd period - Slapshot by Shawn Belle.
17:01 of 2nd period - Stopped by Frederik Andersen without a rebound.
17:02 of 2nd period - Tyler Bozak wins face-off versus Tyler Brenner in Diables zone.
17:28 of 2nd period - Jamie Arniel is hit by Davis Drewiske and loses puck.
17:57 of 2nd period - Wrist shot by Tomas Kubalik.
17:57 of 2nd period - Stopped by Sergei Bobrovsky without a rebound.
17:58 of 2nd period - Tyler Brenner wins face-off versus Tyler Bozak in Atomiques zone.
18:05 of 2nd period - Slapshot by Tyler Kennedy.
18:05 of 2nd period - Goal by Tyler Kennedy - Diables : 4 - Atomiques : 2.
18:06 of 2nd period - Tyler Brenner wins face-off versus Tyler Bozak in neutral zone.
18:16 of 2nd period - Snap shot by Damien Brunner.
18:16 of 2nd period - Shot Misses the Net.
19:02 of 2nd period - Andrew Kozek is hit by Tomas Kubalik.
19:22 of 2nd period - Snap shot by Tyler Bozak.
19:22 of 2nd period - Stopped by Sergei Bobrovsky without a rebound.
19:23 of 2nd period - Tyler Brenner wins face-off versus Jamie Arniel in Atomiques zone.
19:36 of 2nd period - Wrist shot by Brad Winchester.
19:36 of 2nd period - Stopped by Frederik Andersen with a rebound.
Goals for this period are 2 for Diables vs 1 for Atomiques.
Shots for this period are 14 for Diables vs 20 for Atomiques.
3rd period
0:01 of 3rd period - Brad Winchester wins face-off versus Tyler Bozak in neutral zone.
0:06 of 3rd period - Snap shot by Alexander Sulzer.
0:06 of 3rd period - Deflect By Brandon Prust.
0:06 of 3rd period - Stopped by Frederik Andersen with a rebound.
0:34 of 3rd period - Snap shot by Kellan Lain.
0:34 of 3rd period - Shot Misses the Net.
0:50 of 3rd period - Snap shot by Andrew Kozek.
0:50 of 3rd period - Deflect By Nick Johnson.
0:50 of 3rd period - Goal by Nick Johnson - Diables : 4 - Atomiques : 3.
0:51 of 3rd period - Tyler Bozak wins face-off versus Tyler Brenner in neutral zone.
1:23 of 3rd period - Double Minor Penalty to Steve Quailer for Roughing.
1:24 of 3rd period - Tyler Brenner wins face-off versus Jamie Arniel in Diables zone.
1:34 of 3rd period - Slapshot by Alexander Sulzer.
1:34 of 3rd period - Deflect By Damien Brunner.
1:34 of 3rd period - Stopped by Frederik Andersen with a rebound.
2:02 of 3rd period - Wrist shot by Marc-Antoine Pouliot.
2:02 of 3rd period - Shot Misses the Net.
2:04 of 3rd period - Slapshot by Shawn Belle.
2:04 of 3rd period - Shot Blocked by Jared Cowen.
2:06 of 3rd period - Wrist shot by Marc-Antoine Pouliot.
2:06 of 3rd period - Shot Blocked by Matt Jones.
3:08 of 3rd period - Kenndal McArdle is hit by Craig Smith and loses puck.
3:37 of 3rd period - Snap shot by Nick Johnson.
3:37 of 3rd period - Shot Hit the Post.
5:23 of 3rd period - Penalty to Steve Quailer is over, Steve Quailer is back on ice.
5:49 of 3rd period - Victor Hedman is hit by Pierre-Cédric Labrie and loses puck.
6:14 of 3rd period - Shawn Belle is hit by Steve Quailer and loses puck.
6:54 of 3rd period - Tyler Kennedy is hit by Taylor Beck and loses puck.
7:35 of 3rd period - Slapshot by Craig Smith.
7:35 of 3rd period - Shot Hit the Post.
8:16 of 3rd period - Alexander Sulzer is hit by Craig Smith and loses puck.
8:40 of 3rd period - Icing by Matt Jones.
8:41 of 3rd period - Tyler Brenner wins face-off versus Tyler Bozak in Diables zone.
9:04 of 3rd period - Alexander Sulzer is hit by Steve Quailer and loses puck.
9:09 of 3rd period - Slapshot by Steve Quailer.
9:09 of 3rd period - Deflect By Jamie Arniel.
9:09 of 3rd period - Shot Misses the Net.
9:09 of 3rd period - Puck is out of play.
9:10 of 3rd period - Tyler Bozak wins face-off versus Tyler Brenner in Atomiques zone.
9:39 of 3rd period - Snap shot by Craig Smith.
9:39 of 3rd period - Stopped by Sergei Bobrovsky without a rebound.
9:40 of 3rd period - Marc-Antoine Pouliot wins face-off versus Craig Smith in Atomiques zone.
9:53 of 3rd period - Snap shot by Ryan Shannon.
9:53 of 3rd period - Shot Misses the Net.
9:55 of 3rd period - Snap shot by Ryan Shannon.
9:55 of 3rd period - Stopped by Frederik Andersen with a rebound.
10:05 of 3rd period - Victor Hedman is hit by Tyler Bozak and loses puck.
10:16 of 3rd period - Shawn Belle is hit by Brandon Prust and loses puck.
10:37 of 3rd period - Jared Cowen is hit by Tyler Kennedy and loses puck.
11:05 of 3rd period - Snap shot by Brad Winchester.
11:05 of 3rd period - Shot Misses the Net.
11:15 of 3rd period - Snap shot by Brad Winchester.
11:15 of 3rd period - Shot Blocked by Lukas Krajicek.
11:21 of 3rd period - Snap shot by Tyler Bozak.
11:21 of 3rd period - Stopped by Sergei Bobrovsky with a rebound.
11:23 of 3rd period - Snap shot by Jared Cowen.
11:23 of 3rd period - Stopped by Sergei Bobrovsky with a rebound.
11:25 of 3rd period - Snap shot by Brandon Prust.
11:25 of 3rd period - Stopped by Sergei Bobrovsky with a rebound.
11:38 of 3rd period - Damien Brunner is hit by Brad Winchester and loses puck.
12:19 of 3rd period - Snap shot by Damien Brunner.
12:19 of 3rd period - Shot Misses the Net.
12:21 of 3rd period - Slapshot by Jared Cowen.
12:21 of 3rd period - Shot Misses the Net.
13:07 of 3rd period - Tyler Bozak is hit by Brad Winchester and loses puck.
13:20 of 3rd period - Wrist shot by Tyler Kennedy.
13:20 of 3rd period - Shot Misses the Net.
13:36 of 3rd period - Backhand shot by Damien Brunner.
13:36 of 3rd period - Stopped by Sergei Bobrovsky with a rebound.
13:48 of 3rd period - Snap shot by Brad Winchester.
13:48 of 3rd period - Shot Misses the Net.
14:24 of 3rd period - Snap shot by Tyler Kennedy.
14:24 of 3rd period - Deflect By Tyler Brenner.
14:24 of 3rd period - Stopped by Frederik Andersen with a rebound.
14:26 of 3rd period - Slapshot by Shawn Belle.
14:26 of 3rd period - Shot Misses the Net.
15:02 of 3rd period - Slapshot by Tyler Brenner.
15:02 of 3rd period - Shot Misses the Net.
16:03 of 3rd period - Wrist shot by Damien Brunner.
16:03 of 3rd period - Shot Blocked by Tyler Kennedy.
16:05 of 3rd period - Wrist shot by Damien Brunner.
16:05 of 3rd period - Shot Misses the Net.
16:07 of 3rd period - Wrist shot by Brandon Prust.
16:07 of 3rd period - Shot Blocked by Davis Drewiske.
16:09 of 3rd period - Wrist shot by Tyler Bozak.
16:09 of 3rd period - Deflect By Damien Brunner.
16:09 of 3rd period - Shot Misses the Net.
16:09 of 3rd period - Puck is out of play.
16:10 of 3rd period - Marc-André Cliche wins face-off versus Craig Smith in Atomiques zone.
16:10 of 3rd period - Marc-André Cliche is hit by Tomas Kubalik.
16:40 of 3rd period - Snap shot by Alex Berry.
16:40 of 3rd period - Stopped by Frederik Andersen with a rebound.
16:42 of 3rd period - Slapshot by Kyle Wharton.
16:42 of 3rd period - Stopped by Frederik Andersen with a rebound.
16:44 of 3rd period - Snap shot by Alex Berry.
16:44 of 3rd period - Stopped by Frederik Andersen with a rebound.
16:54 of 3rd period - Minor Penalty to Tomas Kubalik for Hooking.
16:55 of 3rd period - Marc-Antoine Pouliot wins face-off versus Jamie Arniel in Diables zone.
17:02 of 3rd period - Snap shot by Kenndal McArdle.
17:02 of 3rd period - Shot Blocked by Matt Jones.
17:04 of 3rd period - Snap shot by Alexander Sulzer.
17:04 of 3rd period - Deflect By Jamie Arniel.
17:04 of 3rd period - Stopped by Frederik Andersen without a rebound.
17:05 of 3rd period - Marc-Antoine Pouliot wins face-off versus Jamie Arniel in Diables zone.
18:07 of 3rd period - Pavel Valentenko is hit by Andrew Kozek and loses puck.
18:14 of 3rd period - Slapshot by Andrew Kozek.
18:14 of 3rd period - Shot Misses the Net.
18:54 of 3rd period - Penalty to Tomas Kubalik is over, Tomas Kubalik is back on ice.
18:58 of 3rd period - Dustin Kohn is hit by Clayton Stoner and loses puck.
19:01 of 3rd period - Atomiques, Sergei Bobrovsky is pulled from the net.
19:03 of 3rd period - Wrist shot by Alex Berry.
19:03 of 3rd period - Stopped by Frederik Andersen without a rebound.
19:04 of 3rd period - Cory Clouston call a timeout for Atomiques.
19:04 of 3rd period - Craig Smith wins face-off versus Nick Johnson in Diables zone.
19:04 of 3rd period - Craig Smith is hit by Alex Berry.
19:14 of 3rd period - Snap shot by Craig Smith.
19:14 of 3rd period - Goal by Craig Smith - Diables : 5 - Atomiques : 3.
19:14 of 3rd period - Sergei Bobrovsky from Atomiques was sent back in the game.
19:15 of 3rd period - Craig Smith wins face-off versus Nick Johnson in neutral zone.
Goals for this period are 1 for Diables vs 1 for Atomiques.
Shots for this period are 6 for Diables vs 10 for Atomiques.
Back to the Top